 Dungeon Crawl Stone Soup version 0.21.0-25-ge575cb9 (webtiles) character file.

2609 dobroeutro the Carver (level 9, -4/68 HPs)
             Began as a Demonspawn Fighter on Jan 22, 2018.
             Was a Follower of Okawaru.
             Killed by the air
             ... invoked by Gastronok
              (18 damage)
             ... on level 8 of the Dungeon.
             The game lasted 00:09:01 (6245 turns).

dobroeutro the Carver (Demonspawn Fighter)          Turns: 6245, Time: 00:09:01

Health: -4/68      AC: 15    Str: 20    XL:     9   Next: 34%
Magic:  9/9        EV:  9    Int: 10    God:    Okawaru [*.....]
Gold:   182        SH: 10    Dex: 12    Spells: 8/8 levels left

rFire    + . .     SeeInvis .   E - +2 rapier (elec)
rCold    . . .     Gourm    .   c - +0 shield
rNeg     . . .     Faith    .   b - +0 scale mail
rPois    .         Spirit   .   h - +0 helmet
rElec    .         Reflect  .   k - +0 cloak
rCorr    .         Harm     .   u - +0 pair of gloves
MR       .....                  (no boots)
Stlth    ..........             (no amulet)
HPRegen  0.21/turn              m - +5 ring of protection
MPRegen  0.11/turn              A - ring of protection from fire

@: no status effects
A: talons 2, powered by death 1, spiny 2
a: Heroism, Renounce Religion


You were on level 8 of the Dungeon.
You worshipped Okawaru.
Okawaru was aware of your devotion.
You were near starving.

You visited 1 branch of the dungeon, and saw 8 of its levels.

You collected 367 gold pieces.
You spent 185 gold pieces at shops.

Inventory:

Hand Weapons
 a - a +0 long sword
 E - a +2 rapier of electrocution (weapon)
Armour
 b - a +0 scale mail (worn)
 c - a +0 shield (worn)
 h - a +0 helmet (worn)
 k - a +0 cloak (worn)
 u - a +0 pair of gloves (worn)
Jewellery
 m - a +5 ring of protection (left hand)
 w - an uncursed ring of flight
 A - a ring of protection from fire (right hand)
 G - an uncursed ring of resist corrosion
Wands
 n - a wand of polymorph (14)
 x - a wand of digging (12)
 z - a wand of iceblast (12)
Scrolls
 g - 6 scrolls of identify
 i - a scroll of noise
 l - 4 scrolls of teleportation
 q - 4 scrolls of remove curse
 v - 2 scrolls of enchant armour
 C - a scroll of enchant weapon
 D - a scroll of magic mapping
Potions
 d - 2 potions of might
 e - a potion of mutation {unknown}
 j - 2 potions of heal wounds {unknown}
 o - 2 potions of invisibility {unknown}
 p - a potion of brilliance {unknown}
 r - 2 potions of resistance {unknown}
 s - a potion of haste {unknown}
 t - 2 potions of degeneration {unknown}
 B - 2 potions of curing
 F - a potion of agility {unknown}
Books
 y - a book of Changes

   Spells                             Type                      Level
   a - Beastly Appendage              Transmutation                1
   b - Sticks to Snakes               Transmutation                2
   c - Spider Form                    Transmutation/Poison         3
   d - Ice Form                       Ice/Transmutation            4
   e - Blade Hands                    Transmutation                5
Comestibles
 f - 14 rations


   Skills:
 + Level 5.0 Fighting
 + Level 9.1 Long Blades
 + Level 4.6 Armour
 + Level 3.5 Dodging
 + Level 4.6 Shields


You had 8 spell levels left.
You didn't know any spells.

Dungeon Overview and Level Annotations

Branches:
Dungeon (8/15)             Temple (0/1) D:6
   Lair: D:8-11

Altars:
Cheibriados
Dithmenos
Elyvilon
Fedhas
Gozag
Hepliaklqana
Kikubaaqudgha
Nemelex Xobeh
Okawaru
Qazlal
Ru
Trog
Wu Jian
Xom
Zin

Shops:
D:5 *   D:7 *

Annotations:
D:3 matthes123's ghost, amateur DENe
D:8 Gastronok


Innate Abilities, Weirdness & Mutations

You have razor-sharp toenails.
You regenerate a little health from kills.
You are mostly covered in sharp spines.


Message History

Gastronok is moderately wounded.
You hit Gastronok. You claw Gastronok, but do no damage.
Gastronok is heavily wounded.
You block Gastronok's attack.
You hit Gastronok. Lightning courses through Gastronok!
Gastronok is heavily wounded.
You puncture Gastronok!
Gastronok is heavily wounded.
Gastronok is struck by your spines. Gastronok bites you!!
* * * LOW HITPOINT WARNING * * *
You are too injured to fight recklessly!
You are too injured to fight recklessly!
Unknown command.
You hit Gastronok.
Gastronok is heavily wounded.
You completely miss Gastronok. You claw Gastronok, but do no damage.
Gastronok is heavily wounded.
Gastronok waves his eye-stalks in wide circles.
The air twists around and strikes you!
You die...

........# #.....#
........# #.....########
........# #####........#
.......## ##..))......
..####..## ###
##..).<..#### ### ##..##
#..# ##....)...##
##..###...####..<.......#
##..##..w.##..##.......#
##..#...@...###.......#
########.### ####..###
### ####


You could see Gastronok.

Vanquished Creatures
  A water moccasin (D:8)
  Duvessa (D:7)
  An orc warrior (D:7)
  2 ice beasts
  A sky beast (D:8)
  An ogre (D:5)
  2 centaurs
  A big kobold (D:6)
  A bullfrog (D:7)
  Dowan (D:7)
  3 scorpions
  A water moccasin skeleton (D:6)
  4 killer bees (D:8)
  4 crimson imps
  A jelly (D:7)
  8 orc priests
  14 orc wizards
  3 centaur skeletons
  Jessica (D:3)
  2 iguanas (D:6)
  2 worker ants
  A hound skeleton (D:6)
  9 adders
  A shadow imp (D:5)
  An adder zombie (D:6)
  An adder skeleton (D:4)
  A leopard gecko (D:3)
  25 orcs
  10 bats
  3 giant cockroaches
  11 hobgoblins
  3 jackals (D:5)
  11 kobolds
  2 quokkas
  4 frilled lizards
  2 goblins
  A quokka zombie (D:5)
  5 rats
146 creatures vanquished.

Notes
Turn   | Place    | Note
-------+----------+-------------------------------------------
     0 | D:1      | dobroeutro the Demonspawn Fighter began the quest for the Orb.
     0 | D:1      | Reached XP level 1. HP: 18/18 MP: 1/1
   157 | D:1      | Reached skill level 2 in Long Blades
   412 | D:1      | Gained mutation: You regenerate a little health from kills. [demonic ancestry]
   412 | D:1      | Reached XP level 2. HP: 24/24 MP: 2/2
  1190 | D:2      | Reached skill level 3 in Long Blades
  1190 | D:2      | Gained mutation: You have sharp toenails. [demonic ancestry]
  1190 | D:2      | Reached XP level 3. HP: 7/29 MP: 3/3
  1952 | D:3      | Reached skill level 4 in Long Blades
  1952 | D:3      | Reached XP level 4. HP: 29/35 MP: 4/4
  1964 | D:3      | Found a stormy altar of Qazlal.
  1972 | D:3      | Noticed matthes123's ghost (amateur DENe)
  2358 | D:3      | Found a sacrificial altar of Ru.
  2358 | D:3      | Found an ancient bone altar of Kikubaaqudgha.
  2375 | D:3      | Noticed Jessica
  2395 | D:3      | Killed Jessica
  2395 | D:3      | Reached XP level 5. HP: 32/41 MP: 5/5
  2538 | D:4      | Found a white marble altar of Elyvilon.
  2551 | D:4      | Reached skill level 5 in Long Blades
  2710 | D:4      | Gained mutation: You are partially covered in sharp spines. [demonic ancestry]
  2710 | D:4      | Reached XP level 6. HP: 40/47 MP: 6/6
  2712 | D:4      | Reached skill level 6 in Long Blades
  3164 | D:5      | Entered Level 5 of the Dungeon
  3315 | D:5      | Found Gozag's Platinum Reserve.
  3316 | D:5      | Found an opulent altar of Gozag.
  3644 | D:5      | Found a sparkling altar of Nemelex Xobeh.
  3885 | D:6      | Reached skill level 7 in Long Blades
  3887 | D:6      | Gained mutation: You have razor-sharp toenails. [demonic ancestry]
  3887 | D:6      | Reached XP level 7. HP: 41/52 MP: 7/7
  3996 | D:6      | Got a bloodstained flail {flame}
  3997 | D:6      | Identified the +8 flail "Fimetot" {flame, *Drain rElec Str+4 Dex+3} (You took it off a crimson imp on level 6 of the Dungeon)
  4035 | D:6      | Reached skill level 8 in Long Blades
  4381 | D:6      | Reached XP level 8. HP: 53/58 MP: 8/8
  4453 | D:6      | Reached skill level 1 in Dodging
  4489 | D:6      | Found a staircase to the Ecumenical Temple.
  5086 | D:7      | Found a glowing silver altar of Zin.
  5096 | D:7      | Found a shimmering altar of Xom.
  5096 | D:7      | Noticed an angel
  5451 | D:7      | Found Gank's General Store.
  5458 | D:7      | Bought a +0 pair of gloves for 45 gold pieces
  5458 | D:7      | Bought a potion of curing for 30 gold pieces
  5458 | D:7      | Bought a scroll of enchant weapon for 75 gold pieces
  5458 | D:7      | Bought a scroll of magic mapping for 35 gold pieces
  5469 | D:7      | Noticed Duvessa
  5472 | D:7      | Noticed Dowan
  5478 | D:7      | Killed Duvessa
  5483 | D:7      | Killed Dowan
  5690 | D:7      | Found a hazy altar of Hepliaklqana.
  5690 | D:7      | Found a shadowy altar of Dithmenos.
  5690 | D:7      | Found a bloodstained altar of Trog.
  5690 | D:7      | Found an ornate altar of the Wu Jian Council.
  5706 | D:7      | Found a blossoming altar of Fedhas.
  5708 | D:7      | Found an iron altar of Okawaru.
  5724 | D:7      | Became a worshipper of Warmaster Okawaru
  5803 | D:8      | Gained mutation: You are mostly covered in sharp spines. [demonic ancestry]
  5803 | D:8      | Reached XP level 9. HP: 66/66 MP: 9/9
  5911 | D:8      | Reached skill level 9 in Long Blades
  5940 | D:8      | Reached * piety under Okawaru
  5957 | D:8      | Found a snail-covered altar of Cheibriados.
  6115 | D:8      | Reached skill level 5 in Fighting
  6233 | D:8      | Noticed Gastronok
  6245 | D:8      | Killed from afar by Gastronok

Skill      XL: |  1  2  3  4  5  6  7  8  9 |
---------------+----------------------------+-----
Long Blades    | 2 3 4 5 7 8 9 |  9.1
Armour         | 4 |  4.6
Dodging        | 2 3 |  3.5
Shields        | 4 |  4.6
Fighting       | 4 5 |  5.0

Action                   |  1- 3 |  4- 6 |  7- 9 || total
-------------------------+-------+-------+-------++-------
Melee: Long sword        |   137 |   133 |   151 ||   421
       Kick              |    13 |    42 |    63 ||   118
       Rapier            |       |       |    69 ||    69
  Use: Scroll            |       |       |     6 ||     6
  Eat: Chunk             |     3 |     5 |     8 ||    16
Armor: Scale mail        |    97 |    88 |    79 ||   264
Dodge: Dodged            |    52 |    30 |    49 ||   131
Block: Shield            |    81 |    75 |    83 ||   239
       Rpst.: Long sword |    13 |     9 |    13 ||    35
